 Dungeon Sprint DCSS version 0.29-a0-994-gc5c9f59d18 (webtiles) character file.

Game seed: 2882101800229745987

8775 Hubris850 the Fighter (level 11, -12/111 HPs)
             Began as a Minotaur Monk on Aug 3, 2022.
             Was the Champion of Okawaru.
             Mangled by a death yak (15 damage)
             ... in the Dungeon (Sprint VII: "The Pits").
             The game lasted 00:09:46 (1229 turns).

Hubris850 the Fighter (Minotaur Monk)               Turns: 1229, Time: 00:09:48

Health: -12/111    AC: 21    Str: 33    XL:     11   Next: 14%
Magic:  19/20      EV: 10    Int:  7    God:    Okawaru [******]
Gold:   0          SH:  0    Dex: 13    Spells: 10/10 levels left

rFire   . . .      SeeInvis .   p - +8 demon whip "Heasi" {pain, rC+ Str+2}
rCold   + . .      Faith    .   (no shield)
rNeg    . . .      Spirit   .   z - +4 chain mail
rPois   .          Reflect  .   A - +1 hat "Viompoce" {Str+5}
rElec   .          Harm     .   w - +0 cloak
rCorr   .          Rampage  .   x - +0 pair of gloves
Will    .....      NoTele   +   (no boots)
Stlth   ..........              (no amulet)
HPRegen 0.28/turn               q - +3 ring of strength
MPRegen 0.17/turn               r - +3 ring of strength

@: no status effects
A: horns 2, retaliatory headbutt
a: Renounce Religion, Heroism, Finesse


You were in the Dungeon.
You worshipped Okawaru.
Okawaru was exalted by your worship.
You visited 1 branch

Inventory:

Hand Weapons
 a - a +0 hand axe
 j - a +2 hand axe
 n - a +2 vorpal hand axe
 p - the +8 demon whip "Heasi" (weapon) {pain, rC+ Str+2}
   (Okawaru gifted it to you in the Dungeon)

   In the hands of one skilled in necromantic magic, it inflicts extra damage on
   living creatures.
   Str:       It affects your strength (+2).
   rC:        It protects you from cold.
 v - a +2 war axe of venom
Armour
 b - a +0 robe
 e - a +3 scale mail
 w - a +0 cloak (worn)
 x - a +0 pair of gloves (worn)
 y - a +0 pair of gloves
 z - a +4 chain mail (worn)
 A - the +1 hat "Viompoce" (worn) {Str+5}
   (Okawaru gifted it to you in the Dungeon)

   Str:       It affects your strength (+5).
Jewellery
 q - a +3 ring of strength (left hand)
 r - a +3 ring of strength (right hand)
Scrolls
 l - 5 scrolls of amnesia
 m - a scroll of summoning
Potions
 c - a potion of ambrosia
 d - 9 potions of curing
 f - a potion of haste
 g - 4 potions of magic
 h - 2 potions of berserk rage
 k - 2 potions of invisibility
 o - 2 potions of heal wounds
 s - 2 potions of brilliance
 t - 2 potions of might
 u - a potion of mutation


   Skills:
 + Level 14.4 Fighting
 - Level 14.0(14.8) Axes
 - Level 7.9(12.0) Maces & Flails
 + Level 13.8 Armour
 - Level 3.2 Dodging
 - Level 1.5 Stealth
 - Level 9.2 Necromancy
 + Level 13.5 Invocations


You had 10 spell levels left.
You didn't know any spells.
Your spell library was empty.

Dungeon Overview and Level Annotations

Branches:
Dungeon (1/1)

Altars:
Ashenzari
Cheibriados
Dithmenos
Elyvilon
Fedhas
Gozag
Hepliaklqana
Kikubaaqudgha
Makhleb
Nemelex Xobeh
Okawaru
Qazlal
Ru
Sif Muna
Trog
Uskayaw
Vehumet
Wu Jian
Xom
Yredelemnul
Zin
The Shining One
Jiyva
Lugonu


Innate Abilities, Weirdness & Mutations

You have a pair of horns on your head.
You reflexively headbutt those who attack you in melee.


Message History

The death yak is moderately wounded.
The death yak gores you!
You punish the death yak, causing immense pain!!!
The death yak writhes in agony.
The death yak is severely wounded.
You hit the death yak.
The death yak writhes in agony.
Your headbutt misses the death yak.
The death yak is severely wounded.
The death yak gores you!!
* * * LOW HITPOINT WARNING * * *
You barely miss the death yak.
You headbutt the death yak, but do no damage.
The death yak is severely wounded.
You whack the death yak!
The death yak writhes in agony.
You headbutt the death yak, but do no damage.
The death yak is almost dead.
The death yak gores you but does no damage.
The death yak closely misses you. You furiously retaliate!
You headbutt the death yak!
You kill the death yak!
Okawaru is honoured by your kill.
You feel much better. The death yak gores you!
* * * LOW HITPOINT WARNING * * *
The efreet hits you with a +3 scimitar of flaming.
* * * LOW HITPOINT WARNING * * *
The efreet burns you.
* * * LOW HITPOINT WARNING * * *
You thrash the death yak!!
The death yak writhes in agony!
You headbutt the death yak!
The death yak is severely wounded.
The spriggan rider hits you from afar with a +0 spear!
* * * LOW HITPOINT WARNING * * *
You whack the death yak!
The death yak writhes in agony.
You headbutt the death yak, but do no damage.
The death yak is almost dead.
The efreet gestures at you. The bolt of fire hits you!
* * * LOW HITPOINT WARNING * * *
The death yak gores you!
You die...

...#..#......#
.............+
.............+
...#..#......#
...†.........# '#####''#####
....##''############ ######
....##......'..'.R.### .....
....##......'..'@.○..## ....
<...##.....##..##Yil..##
...#
....##...###....###....#
...#
....##..##........###.###..#
....##')#...#..#...#†...#i.#
######..)..........'.†○.)Y.+
######''#...#..#...#....#R.#
....##..##........###.###○.#
....##...###....###....#
○l.#


You could see a death yak, a spriggan rider, an efreet and a wyvern.

Vanquished Creatures
  5 death yaks (D)
  A bog body (D)
  3 phantasmal warriors (D)
  A merfolk siren (D)
  An elephant (D)
  A cane toad (D)
  An unseen horror (D)
  An ice devil (D)
  A tyrant leech (D)
  A polar bear (D)
  2 hornets (D)
  A ynoxinul (D)
  A fire bat (D)
  A redback (D)
  2 vampire mosquitoes (D)
  An acid dragon (D)
  3 floating eyes (D)
  An ice beast (D)
  A black bear (D)
  A swamp drake (D)
  2 centaurs (D)
  A kobold brigand (D)
  2 scorpions (D)
  A jelly (D)
  A crimson imp (D)
  A hound (D)
  An iron imp (D)
  Jessica (D)
  An adder (D)
  8 orcs (D)
  3 quokkas (D)
  A ball python skeleton (D)
  2 frilled lizards (D)
  A goblin (D)
56 creatures vanquished.

Notes
Turn   | Place    | Note
-------+----------+-------------------------------------------
     0 | D        | Hubris850 the Minotaur Monk began the quest for the Orb.
     0 | D        | Reached XP level 1. HP: 19/19 MP: 0/0
    35 | D        | Found a glowing golden altar of the Shining One.
    35 | D        | Found a glowing silver altar of Zin.
    35 | D        | Found a basalt altar of Yredelemnul.
    35 | D        | Found a shimmering altar of Xom.
    35 | D        | Found an ornate altar of the Wu Jian Council.
    35 | D        | Found a bloodstained altar of Trog.
    35 | D        | Found a shimmering blue altar of Sif Muna.
    35 | D        | Found a sacrificial altar of Ru.
    35 | D        | Found a stormy altar of Qazlal.
    35 | D        | Found an iron altar of Okawaru.
    35 | D        | Found a sparkling altar of Nemelex Xobeh.
    35 | D        | Found a burning altar of Makhleb.
    35 | D        | Found a viscous altar of Jiyva.
    35 | D        | Found a hazy altar of Hepliaklqana.
    35 | D        | Found an opulent altar of Gozag.
    35 | D        | Found a blossoming altar of Fedhas.
    35 | D        | Found a white marble altar of Elyvilon.
    35 | D        | Found a shadowy altar of Dithmenos.
    35 | D        | Found a snail-covered altar of Cheibriados.
    36 | D        | Found a radiant altar of Vehumet.
    36 | D        | Found a corrupted altar of Lugonu.
    37 | D        | Found a hide-covered altar of Uskayaw.
    37 | D        | Found an ancient bone altar of Kikubaaqudgha.
    37 | D        | Found a broken altar of Ashenzari.
    41 | D        | Became a worshipper of Warmaster Okawaru
    41 | D        | Reached * piety under Okawaru
    41 | D        | Reached ** piety under Okawaru
    51 | D        | Noticed a floating eye
    55 | D        | Killed a floating eye
    55 | D        | Reached *** piety under Okawaru
    56 | D        | Reached skill level 5 in Armour
    56 | D        | Reached XP level 2. HP: 34/34 MP: 1/1
    56 | D        | Reached XP level 3. HP: 39/39 MP: 2/2
    56 | D        | Reached XP level 4. HP: 47/47 MP: 3/3
    70 | D        | Noticed a scorpion
    70 | D        | Noticed a floating eye
    73 | D        | Paralysed by a floating eye for 3 turns
    77 | D        | Killed a floating eye
    78 | D        | Reached XP level 5. HP: 56/56 MP: 3/6
    81 | D        | Reached **** piety under Okawaru
    82 | D        | Reached XP level 6. HP: 50/63 MP: 3/8
    83 | D        | Noticed a fire bat
    92 | D        | Killed a fire bat
    93 | D        | Reached skill level 5 in Invocations
   167 | D        | Reached skill level 10 in Fighting
   167 | D        | Reached skill level 10 in Axes
   247 | D        | Reached XP level 7. HP: 63/72 MP: 10/10
   278 | D        | Noticed a merfolk siren
   290 | D        | Killed a merfolk siren
   290 | D        | Reached ***** piety under Okawaru
   290 | D        | Identified the +8 demon whip "Heasi" {pain, rC+ Str+2}
                  | (Okawaru gifted it to you in the Dungeon)
   290 | D        | Received a gift from Okawaru
   437 | D        | Noticed Jessica
   439 | D        | Killed Jessica
   443 | D        | Reached XP level 8. HP: 81/83 MP: 11/11
   458 | D        | Noticed a phantasmal warrior
   475 | D        | Killed a phantasmal warrior
   681 | D        | Noticed a polar bear
   690 | D        | Killed an unseen horror
   691 | D        | Reached XP level 9. HP: 81/95 MP: 12/12
   694 | D        | Killed a polar bear
   695 | D        | Reached skill level 1 in Necromancy
   756 | D        | Noticed a bog body
   770 | D        | Received a gift from Okawaru
   776 | D        | Reached skill level 5 in Maces & Flails
   781 | D        | Killed a bog body
   784 | D        | Noticed an elephant
   785 | D        | Noticed a cane toad
   785 | D        | Noticed a phantasmal warrior
   790 | D        | Killed a cane toad
   795 | D        | Killed a phantasmal warrior
   796 | D        | Reached skill level 5 in Necromancy
   796 | D        | Reached XP level 10. HP: 31/103 MP: 13/16
   800 | D        | Killed an elephant
   801 | D        | Reached skill level 10 in Invocations
  1123 | D        | Identified the +1 hat "Viompoce" {Str+5} (Okawaru gifted it
                  | to you in the Dungeon)
  1123 | D        | Received a gift from Okawaru
  1134 | D        | Noticed a phantasmal warrior
  1141 | D        | Killed a phantasmal warrior
  1176 | D        | Noticed a spriggan rider
  1176 | D        | Noticed a death yak
  1176 | D        | Noticed a death yak
  1176 | D        | Noticed a death yak
  1176 | D        | Noticed a death yak
  1181 | D        | Noticed a death yak
  1185 | D        | Killed a death yak
  1199 | D        | Killed a death yak
  1203 | D        | Noticed a death yak
  1209 | D        | Killed a death yak
  1219 | D        | Killed a death yak
  1219 | D        | Reached ****** piety under Okawaru
  1220 | D        | Reached XP level 11. HP: 64/110 MP: 19/19
  1226 | D        | Killed a death yak
  1229 | D        | HP: 3/111 [efreet/bolt of fire (15)]
  1229 | D        | Mangled by a death yak

Illustrated notes

Levels and vault maps discovered:
D:        pitsprint [storerooms_1, entrance_room_1, metal_vault_4, armoury_1,
          mini_pit_1, grid_room_1, main_hall_1, silver_pit, the_coven_1,
          the_vestibule_1, steel_vault_3, golden_pit, hallway_of_sentries,
          crystal_vault_6, iron_vault_5, final_vault]

Skill      XL: |  1  2  3  4  5  6  7  8  9 10 |
---------------+-------------------------------+-----
Fighting       | 7 8 9 10 12 14 | 14.4
Axes           | 7 8 9 10 12 14 | 14.0
Armour         | 5 7 8 9 11 13 | 13.8
Invocations    | 3 4 5 6 9 13 | 13.5
Maces & Flails | 7 |  7.9
Necromancy     | 5 9 |  9.2
Dodging        | |  3.2
Stealth        | |  1.5

Action                   |  1- 3 |  4- 6 |  7- 9 | 10-12 || total
-------------------------+-------+-------+-------+-------++-------
Melee: Hand axe          |     4 |    24 |    18 |       ||    46
       Headbutt          |     1 |     6 |     9 |    21 ||    37
       Punch             |       |     1 |     3 |     2 ||     6
       Demon whip        |       |       |    49 |    83 ||   132
       War axe           |       |       |     7 |       ||     7
Invok: Heroism           |       |     1 |     3 |       ||     4
       Finesse           |       |       |     1 |       ||     1
  Use: Potion            |       |     2 |     1 |     4 ||     7
       Scroll            |       |       |       |     1 ||     1
Armor: Scale mail        |       |     2 |     8 |       ||    10
       Robe              |       |     1 |       |       ||     1
       Chain mail        |       |       |    18 |    33 ||    51
Dodge: Dodged            |     1 |    15 |    25 |    23 ||    64

Table legend: (Time is in decaauts)
 A = Elapsed time spent in this place.
 B = Non-inter-level travel time spent in this place.
 C = Inter-level travel time spent in this place.
 D = Time resting spent in this place.
 E = Time spent auto-exploring this place.
 F = Levels seen in this place.
 G = Mean time per level.
                   A        B        C        D        E       F      G
               +--------+--------+--------+--------+--------+-----+--------+
         Total |   1157 |   1116 |     41 |    594 |      0 |   1 | 1157.0 |
       Dungeon |   1157 |   1116 |     41 |    594 |      0 |   1 | 1157.0 |
               +--------+--------+--------+--------+--------+-----+--------+

Top non-repeatable levels by time:
       D: 1157 daAuts
